 Dungeon Crawl Stone Soup version 0.26-a0-665-gefeb406119 (console) character file.

Game seed: 13591901648434652181

11494 om the Covert (level 11, -13/75 HPs)
             Began as a Merfolk Venom Mage on Oct 13, 2020.
             Was a Believer of Ashenzari.
             Mangled by an ettin
             ... wielding a +0 dire flail
              (46 damage)
             ... on level 2 of the Orcish Mines.
             The game lasted 00:37:35 (18863 turns).

om the Covert (Merfolk Venom Mage)                 Turns: 18863, Time: 00:37:36

Health: -13/75     AC:  6    Str: 10    XL:     11   Next: 78%
Magic:  18/18      EV: 20    Int: 18    God:    Ashenzari [**....]
Gold:   1393       SH:  0    Dex: 19    Spells: 7/20 levels left

rFire    . . .     SeeInvis .   u - +1 glaive (venom)
rCold    . . .     Faith    .   (shield currently unavailable)
rNeg     + . .     Spirit   .   a - +0 robe
rPois    .         Reflect  .   t - +0 helmet
rElec    .         Harm     .   r - +0 cloak
rCorr    .         Rampage  .   (no gloves)
MR       .....                  K - +0 pair of boots
Stlth    +++++.....             (no amulet)
HPRegen  0.22/turn              o - ring of wizardry (curse)
MPRegen  0.16/turn              w - ring "Sadghyrio" {+Fly rN+ Int+3 Dex+3} (curse)

@: no status effects
A: change form in water, swift swim, stealthy swim
a: Curse Item, Scrying, Renounce Religion, Evoke Flight


You were on level 2 of the Orcish Mines.
You worshipped Ashenzari.
Ashenzari was pleased with you.
You visited 2 branches of the dungeon, and saw 12 of its levels.
You also visited: Ossuary.

You collected 1498 gold pieces.
You spent 105 gold pieces at shops.

Inventory:

Hand Weapons
 h - a +1 scythe of protection
 u - a +1 glaive of venom (weapon)
Armour
 a - a +0 robe (worn)
 r - a +0 cloak (worn)
 t - a +0 helmet (worn)
 K - a +0 pair of boots (worn)
Jewellery
 e - an uncursed ring of fire
 o - a cursed ring of wizardry (left hand)
 p - an uncursed ring of protection from cold
 w - the cursed ring "Sadghyrio" (right hand) {+Fly rN+ Int+3 Dex+3}
   (You bought it in a shop on level 4 of the Dungeon)

   [ring of flight]

   It affects your intelligence (+3).
   It affects your dexterity (+3).
   It protects you from negative energy.
   It lets you fly.
   It has a curse placed upon it.
 G - an uncursed ring of wizardry
 N - an uncursed ring of stealth
Wands
 A - a wand of enslavement (8)
 L - a wand of polymorph (8)
Scrolls
 b - 2 scrolls of random uselessness {unknown}
 d - 5 scrolls of magic mapping {unknown}
 f - 2 scrolls of teleportation
 j - 5 scrolls of remove curse
 k - a scroll of fog {unknown}
 l - 3 scrolls of amnesia
 m - a scroll of noise {unknown}
 n - a scroll of enchant armour {unknown}
 x - a scroll of enchant weapon
 y - a scroll of blinking {unknown}
 B - a scroll of fear {unknown}
 F - a scroll of silence {unknown}
 I - a scroll of torment {unknown}
Potions
 c - a potion of resistance
 g - 4 potions of flight
 i - a potion of brilliance {unknown}
 q - 3 potions of degeneration {unknown}
 s - a potion of mutation {unknown}
 z - 2 potions of curing
 C - 4 potions of haste
 D - a potion of ambrosia {unknown}
 E - 3 potions of stabbing {unknown}
 H - a potion of might {unknown}
 J - 2 potions of cancellation {unknown}
 M - a potion of berserk rage {unknown}


   Skills:
 + Level 3.4 Fighting
 - Level 10.0 Polearms
 - Level 5.0 Armour
 - Level 10.0 Dodging
 - Level 12.0 Stealth
 - Level 5.0 Spellcasting
 - Level 4.6(6.0) Transmutations
 - Level 2.7(4.0) Fire Magic
 - Level 6.5(8.0) Poison Magic


You had 7 spell levels left.
You knew the following spells:

 Your Spells              Type           Power        Failure   Level
a - Sting                 Tmut/Pois      ####         1%          1
b - Poisonous Vapours     Pois/Air       ###...       1%          2
c - Ignite Poison         Fire/Tmut/Pois ####....     1%          3
d - Mephitic Cloud        Conj/Pois/Air  ##......     5%          3
e - Olgreb's Toxic Radia  Pois           ####....     1%          4

Your spell library contained the following spells:

 Spells                   Type           Power        Failure   Level


Dungeon Overview and Level Annotations

Branches:
Dungeon (10/15)            Temple (0/1) D:5             Orc (2/2) D:9
    Elf (0/3) Orc:2       Ossuary (visited)
   Lair: D:8-11

Altars:
Ashenzari
Cheibriados
Hepliaklqana
Kikubaaqudgha
Makhleb
Nemelex Xobeh
Okawaru
Ru
Trog
Xom

Shops:
D:4 *

Annotations:
D:3 3 runed translucent doors, Foxy's ghost, amateur HuBe


Message History

Attack whom?
Press: ? - help, Dir - move target cursor, f - orc
Aim: an orc You reach to attack!
You hit the orc.
The orc is poisoned.
The orc is almost dead.
You kill the orc!
The orc closely misses you.
Things that are here:
2 large rocks; a +0 leather armour; a +0 flail You closely miss the orc.
An orc warrior comes into view. It is wielding a +0 halberd.
The orc warrior shouts!
You hit the ettin.
The ettin is poisoned.
The ettin is lightly wounded.
You hear a shout!
The ettin hits you with a +0 dire flail!!!
Ouch! That really hurt!
The ettin hits you with a +0 dire flail of holy wrath!!!
Ouch! That really hurt!
You die...

..........#,, , _ , ,
......#...#,... , , ...
.....###..#..... , ....
..........#..#))#######..#.
..##.....##...........[o...
...###..## .....[.......... ,
#.####...##..8.[#(.#..#..8. *
####.##...#.....[..{.......
#...#...#.....).[).......
#..##..########(''######## *
#...........)@C...).......
#............8o[)..8...... *
##..............)..(......#
##..............[.....#.#..#
*#...........................
#......................#.##.#
##....#...)............### #
#....###......##...##.##
.....,#....#####...####
#.#..*##.### ##.## ####* ###
###


You could see an ettin (very poisoned), an orc warrior and an orc.

Vanquished Creatures
  Urug (Orc:1)
  An orc knight (Orc:2)
  2 orc sorcerers (Orc:2)
  A cyclops (Orc:2)
  2 trolls
  A hornet (D:9)
  Sigmund (D:1)
  3 yaks (D:9)
  5 wargs (Orc:1)
  2 water moccasins
  3 ice beasts
  13 orc warriors
  A sky beast (D:6)
  An eye of draining (D:9)
  10 ogres
  3 centaurs
  2 big kobolds
  9 bullfrogs
  A water moccasin zombie (Ossuary)
  2 scorpions
  18 killer bees
  An electric eel (D:6)
  2 howler monkeys (D:8)
  A quasit (D:9)
  3 bullfrog zombies
  4 centaur zombies (Ossuary)
  3 iron imps (D:4)
  2 jellies (D:9)
  5 hounds
  21 orc priests
  A centaur skeleton (D:7)
  A bullfrog skeleton (D:5)
  Terence (D:1)
  3 iguanas
  14 mummies (Ossuary)
  20 orc wizards
  6 worker ants
  2 killer bee zombies (Ossuary)
  5 hound zombies
  2 howler monkey zombies (Ossuary)
  5 worker ant zombies
  2 howler monkey skeletons
  12 adders
  A shadow imp (D:9)
  2 ufetubi
  2 oozes
  2 adder zombies
  An adder skeleton (D:8)
  3 worms
  2 dart slugs
  4 leopard geckos
  88 orcs
  6 bats
  9 giant cockroaches
  8 goblins
  6 hobgoblins
  14 jackals
  15 kobolds
  5 quokkas
  6 frilled lizards
  A jackal skeleton (D:4)
  2 leopard gecko zombies
  A quokka zombie (Ossuary)
  6 rats
382 creatures vanquished.

Vanquished Creatures (others)
  An orc (D:4)
  15 plants (D:6)
  5 withered plants (Ossuary)
21 creatures vanquished.

Grand Total: 403 creatures vanquished

Notes
Turn   | Place    | Note
-------+----------+-------------------------------------------
     0 | D:1      | om the Merfolk Venom Mage began the quest for the Orb.
     0 | D:1      | Reached XP level 1. HP: 13/13 MP: 3/3
   198 | D:1      | Reached XP level 2. HP: 19/19 MP: 0/5
   654 | D:1      | Reached XP level 3. HP: 23/24 MP: 2/6
   664 | D:1      | Learned a level 2 spell: Poisonous Vapours
  1289 | D:2      | Noticed Sigmund
  1321 | D:1      | HP: 1/24 [Sigmund/+0 scythe of protection (10)]
  1325 | D:1      | Killed Sigmund
  1325 | D:1      | Reached skill level 3 in Stealth
  1325 | D:1      | Reached XP level 4. HP: 2/30 MP: 0/8
  1325 | D:1      | Reached XP level 5. HP: 3/35 MP: 0/9
  1706 | D:2      | Noticed Terence
  1745 | D:1      | Killed Terence
  2187 | D:2      | Found a bloodstained altar of Trog.
  2207 | D:2      | Reached XP level 6. HP: 41/41 MP: 7/10
  2803 | D:2      | Found a broken altar of Ashenzari.
  2813 | D:2      | Became a worshipper of Ashenzari the Shackled
  3040 | D:2      | Found a hazy altar of Hepliaklqana.
  3462 | D:3      | Reached skill level 1 in Polearms
  3462 | D:3      | Reached skill level 5 in Dodging
  3681 | D:3      | Found a runed translucent gate.
  3688 | D:3      | Found a runed translucent gate.
  3720 | D:3      | Found a runed translucent gate.
  3807 | D:3      | Noticed Foxy's ghost (amateur HuBe)
  3836 | D:3      | Found a snail-covered altar of Cheibriados.
  4013 | D:3      | Found a faded altar of an unknown god.
  4132 | D:3      | Learned a level 3 spell: Ignite Poison
  4686 | D:4      | Reached skill level 5 in Poison Magic
  5028 | D:4      | Found Iliakaupye's Assorted Antiques.
  5032 | D:4      | Reached skill level 4 in Stealth
  5032 | D:4      | Reached XP level 7. HP: 46/46 MP: 4/11
  5039 | D:4      | Bought a crude marble ring for 105 gold pieces
  5039 | D:4      | Identified the ring "Sadghyrio" {+Fly rN+ Int+3 Dex+3} (You
                  | bought it in a shop on level 4 of the Dungeon)
  5730 | D:4      | Reached * piety under Ashenzari
  5733 | D:4      | Found a burning altar of Makhleb.
  6055 | D:4      | HP: 3/69 [something/magic dart (7)]
  6451 | D:5      | Entered Level 5 of the Dungeon
  6543 | D:5      | Reached skill level 5 in Polearms
  6543 | D:5      | Reached XP level 8. HP: 52/52 MP: 6/12
  6589 | D:5      | Found an ancient bone altar of Kikubaaqudgha.
  6611 | D:5      | Reached skill level 5 in Stealth
  6734 | D:5      | Found a staircase to the Ecumenical Temple.
  7016 | D:6      | Reached skill level 6 in Stealth
  7134 | D:6      | Reached skill level 7 in Stealth
  7301 | D:6      | Reached skill level 8 in Stealth
  7824 | D:6      | Reached skill level 9 in Stealth
  7882 | D:6      | Reached XP level 9. HP: 57/57 MP: 2/13
  8658 | D:6      | Reached skill level 10 in Stealth
  9028 | D:7      | Found a sand-covered staircase.
  9038 | Ossuary  | Entered an ossuary
  9387 | Ossuary  | Reached skill level 11 in Stealth
 10573 | D:7      | Found an iron altar of Okawaru.
 11269 | D:7      | Reached ** piety under Ashenzari
 11330 | D:8      | Found a sparkling altar of Nemelex Xobeh.
 11377 | D:8      | Found a sacrificial altar of Ru.
 11562 | D:8      | Reached XP level 10. HP: 63/63 MP: 8/14
 11688 | D:8      | Reached skill level 12 in Stealth
 11688 | D:8      | Reached skill level 1 in Fire Magic
 12712 | D:8      | Found a shimmering altar of Xom.
 14180 | D:9      | Learned a level 3 spell: Mephitic Cloud
 14185 | D:9      | Learned a level 4 spell: Olgreb's Toxic Radiance
 14350 | D:9      | Reached skill level 10 in Dodging
 14558 | D:9      | Found a staircase to the Orcish Mines.
 14987 | D:9      | Reached skill level 5 in Spellcasting
 15333 | D:9      | Reached XP level 11. HP: 63/68 MP: 13/18
 15488 | D:10     | Entered Level 10 of the Dungeon
 15530 | Orc:1    | Entered Level 1 of the Orcish Mines
 15541 | Orc:1    | Reached skill level 1 in Armour
 16309 | Orc:1    | Noticed Urug
 16314 | Orc:1    | HP: 1/68 [warg (7)]
 17000 | Orc:1    | Killed Urug
 17521 | Orc:2    | Entered Level 2 of the Orcish Mines
 17536 | Orc:2    | Reached skill level 10 in Polearms
 17674 | Orc:2    | Noticed an orc sorcerer
 17680 | Orc:2    | Killed an orc sorcerer
 18018 | Orc:2    | Found a staircase to the Elven Halls.
 18070 | Orc:2    | Noticed an orc sorcerer
 18077 | Orc:2    | Killed an orc sorcerer
 18278 | Orc:2    | Noticed a cyclops
 18282 | Orc:2    | Killed a cyclops
 18282 | Orc:2    | Reached skill level 5 in Armour
 18597 | Orc:2    | Noticed an orc knight
 18602 | Orc:2    | Reached skill level 1 in Fighting
 18606 | Orc:2    | Killed an orc knight
 18854 | Orc:2    | Noticed an ettin
 18863 | Orc:2    | Mangled by an ettin

Illustrated notes

Levels and vault maps discovered:
D:1:      dpeg_arrival_concentric_ovals, layout_basic
D:2:      layout_basic, nicolae_overflow_hidden_temple, ashenzari_altar_1,
          bloody_trog, minmay_octomino_c4, uniq_sigmund, uniq_terence
D:3:      cheibrodos_pilgrimage, layout_loops_corners, cheibriados_altar_1,
          gammafunk_ghost_icy, chequers_ecumenical_altar_grove
D:4:      layout_basic, demons_altar, serial_shops, shop
D:5:      layout_rooms, kiku_gazebo_pond_becter,
          minmay_temple_entry_enclosed_plants
D:6:      layout_basic, serial_bayou_lagoon_a, lightli_corner_chamber
D:7:      layout_basic, kennysheep_okawaru_gauntlet, enter_ossuary_1
D:8:      layout_basic, marbit_many_paths, nemelex_xobeh_ov_fountains_minmay,
          kennysheep_mini_moat
D:9:      layout_small_grid, hiddenorc2_lemuel
D:10:     layout_loops_ring, erik_lair_island, serial_shops, kennysheep_mini,
          nicolae_shop_stone, shop, minivault_27, chequers_serial_rivers_micro_d
Orc:1:    cheibrodos_orc_guarddog, layout_diamond_mine, mines2_lemuel, uniq_urug
Orc:2:    grunt_orc_tribal_feast, layout_caves, minmay_orc_temple_c

Skill      XL: |  1  2  3  4  5  6  7  8  9 10 11 |
---------------+----------------------------------+-----
Dodging        | 3 4 5 6 8 10 | 10.0
Stealth        | 3 4 9 11 12 | 12.0
Transmutations | 2 3 4 |  4.6
Poison Magic   | 4 5 6 |  6.5
Polearms       | 2 5 6 7 10 | 10.0
Spellcasting   | 3 5 |  5.0
Fire Magic     | 2 |  2.7
Armour         | 5 |  5.0
Fighting       | 3 |  3.4

Action                   |  1- 3 |  4- 6 |  7- 9 | 10-12 || total
-------------------------+-------+-------+-------+-------++-------
Melee: Unarmed           |    30 |       |       |       ||    30
       Scythe            |       |    96 |   472 |   225 ||   793
       Tailslap          |       |       |    17 |       ||    17
       Glaive            |       |       |       |    35 ||    35
 Cast: Sting             |    32 |    37 |    27 |    66 ||   162
       Poisonous Vapours |     3 |    13 |    25 |    27 ||    68
       Ignite Poison     |       |     4 |    23 |    51 ||    78
       Olgreb's Toxic Ra |       |       |       |    21 ||    21
       Mephitic Cloud    |       |       |       |     1 ||     1
Invok: Curse Item        |       |       |     2 |       ||     2
  Use: Scroll            |       |       |     9 |     2 ||    11
       Potion            |       |       |     6 |     5 ||    11
 Stab: Sleeping          |       |    10 |    22 |    13 ||    45
       Distracted        |       |       |     3 |     3 ||     6
Armor: Robe              |     9 |    21 |   138 |    67 ||   235
       Skin              |       |       |     3 |       ||     3
Dodge: Dodged            |    39 |   120 |   516 |   401 ||  1076

Table legend: (Time is in decaauts)
 A = Elapsed time spent in this place.
 B = Non-inter-level travel time spent in this place.
 C = Inter-level travel time spent in this place.
 D = Time resting spent in this place.
 E = Time spent auto-exploring this place.
 F = Levels seen in this place.
 G = Mean time per level.
                   A        B        C        D        E       F      G
               +--------+--------+--------+--------+--------+-----+--------+
         Total |  19412 |  18844 |    568 |   8187 |   7267 |  13 | 1493.2 |
       Dungeon |  15420 |  14992 |    428 |   6399 |   6167 |  10 | 1542.0 |
  Orcish Mines |   2841 |   2701 |    140 |   1308 |    933 |   2 | 1420.5 |
       Ossuary |   1150 |   1150 |      0 |    479 |    167 |   1 | 1150.0 |
               +--------+--------+--------+--------+--------+-----+--------+

Top non-repeatable levels by time:
     D:9: 2707 daAuts
     D:6: 2154 daAuts
     D:8: 2149 daAuts
     D:1: 1900 daAuts
     D:4: 1885 daAuts
   Orc:1: 1807 daAuts
     D:3: 1443 daAuts
     D:2: 1371 daAuts
     D:7: 1323 daAuts
 Ossuary: 1150 daAuts
   Orc:2: 1033 daAuts
     D:5: 476 daAuts
    D:10: 7 daAuts
